 Dungeon Crawl Stone Soup version 0.28.0-45-g0d030f2227 (webtiles) character file.

Game seed: 16795768799784933144

34 protoss039 the Digger (level 3, -1/26 HPs)
             Began as a Demonspawn Earth Elementalist on May 23, 2022.
             Slain by an orc wizard
             ... wielding a +0 dagger
              (3 damage)
             ... on level 2 of the Dungeon.
             The game lasted 00:01:55 (1522 turns).

protoss039 the Digger (DsEE)                        Turns: 1522, Time: 00:01:55

Health: -1/26      AC:  7    Str:  8    XL:     3   Next: 14%
Magic:  5/6        EV:  8    Int: 18    God:
Gold:   40         SH:  6    Dex: 13    Spells: 3/6 levels left

rFire   . . .      SeeInvis .   i - +0 short sword
rCold   . . .      Faith    .   (no shield)
rNeg    . . .      Spirit   .   f - +1 scale mail {rPois}
rPois   +          Reflect  .   (no helmet)
rElec   .          Harm     .   (no cloak)
rCorr   .          Rampage  .   (no gloves)
Will    .....                   (no boots)
Stlth   ..........              (no amulet)
HPRegen 0.08/turn               (no ring)
MPRegen 0.10/turn               (no ring)

@: no status effects
A: large bone plates 2
a: no special abilities


You were on level 2 of the Dungeon.
You visited 1 branch of the dungeon, and saw 2 of its levels.

You collected 40 gold pieces.

Inventory:

Hand Weapons
 i - a +0 short sword (weapon)
Missiles
 c - 41 stones
Armour
 a - the +2 pair of gloves of the Valley {Will+ Int+6}
   (You acquired it on level 2 of the Dungeon)

   Int:       It affects your intelligence (+6).
   Will:      It increases your willpower.
 b - a +0 robe
 f - a +1 scale mail of poison resistance (worn)
Scrolls
 e - 2 scrolls of enchant weapon {unknown}
 g - a scroll of identify {unknown}
 h - a scroll of enchant armour {unknown}


   Skills:
 * Level 1.6 Fighting
 + Level 0.5 Armour
 - Level 1.7 Dodging
 - Level 1.7 Stealth
 + Level 2.1 Spellcasting
 * Level 1.5 Transmutations
 + Level 2.8 Earth Magic


You had 3 spell levels left.
You knew the following spells:

 Your Spells              Type           Power      Damage    Failure   Level
a - Sandblast             Erth           24%        2d8       50%         1
b - Passwall              Tmut/Erth      7%         N/A       73%         2

Your spell library contained the following spells:

 Spells                   Type           Power      Damage    Failure   Level
 Magic Dart               Conj           4%         1d3       88%         1
 Searing Ray              Conj           2%         2d4       95%         2
 Stone Arrow              Conj/Erth      14%        3d7       97%         3
 Fulminant Prism          Conj/Hex       0%         3d6       100%        4
 Petrify                  Tmut/Erth      9%         N/A       100%        4


Dungeon Overview and Level Annotations

Branches:
Dungeon (2/15)

Altars:


Innate Abilities, Weirdness & Mutations

You are mostly covered in large bone plates. (SH +6)


Message History

You hear some strange, mumbled words.
A puff of flame appears from out of thin air!
The puff of flame hits you.
You miss something. Something hits you but does no damage.
Casting: Sandblast (safe; 50% risk of failure)
Confirm with . or Enter, or press ? or * to list all spells.
Aiming: Sandblast (safe; 50% risk of failure)
Press: ? - help, Shift-Dir - straight line You miscast Sandblast.
You are very lightly contaminated with residual magic.
Nothing appears to happen.
Something hits you but does no damage.
You barely miss something.
You hear some strange, mumbled words.
A puff of flame appears from out of thin air!
The puff of flame misses you.
Unknown command.
You hit something. Something hits you.
Unknown command.
You hit something. Something hits you but does no damage.
You hear some strange, mumbled words.
A magic dart appears from out of thin air!
The magic dart hits you!
* * * LOW HITPOINT WARNING * * *
Unknown command.
You hit something. Something hits you.
* * * LOW HITPOINT WARNING * * *
Unknown command.
You miss something. Something hits you but does no damage.
Unknown command.
You aren't carrying any potions.
This is a scroll of acquirement!
Something appears at your feet! Something hits you.
* * * LOW HITPOINT WARNING * * *
Your magical contamination has completely faded away.
Unknown command.
a - the +2 pair of gloves of the Valley {Will+ Int+6} An orc wizard appears from thin air!
Reactivating autopickup.
The orc wizard hits you with a +0 dagger.
You die... #.........# +.........+ ......... ....... ..... oo.

#o# #@#
####.#####
#........#
#.#...##.#
#......# #
########......#.#
............#.#.#
########.........
#..#.#.#.#


You could see an orc wizard and 2 orcs.

Vanquished Creatures
  A dart slug (D:1)
  An orc (D:2)
  3 ball pythons
  4 endoplasms
  A giant cockroach (D:1)
  2 goblins (D:1)
  A hobgoblin (D:2)
  3 jackals (D:2)
  A quokka (D:2)
  A bat (D:1)
  2 frilled lizards
  5 kobolds
  3 rats
28 creatures vanquished.

Notes
Turn   | Place    | Note
-------+----------+-------------------------------------------
     0 | D:1      | protoss039 the Demonspawn Earth Elementalist began the
                  | quest for the Orb.
     0 | D:1      | Reached XP level 1. HP: 13/13 MP: 3/3
    60 | D:1      | Reached skill level 1 in Transmutations
   350 | D:1      | Reached skill level 1 in Fighting
   350 | D:1      | Gained mutation: You are partially covered in large bone
                  | plates. (SH +4) [demonic ancestry]
   350 | D:1      | Reached XP level 2. HP: 21/21 MP: 5/5
   769 | D:1      | Found a faded altar of an unknown god.
  1066 | D:1      | Learned a level 2 spell: Passwall
  1348 | D:2      | Gained mutation: You are mostly covered in large bone
                  | plates. (SH +6) [demonic ancestry]
  1348 | D:2      | Reached XP level 3. HP: 21/26 MP: 6/6
  1521 | D:2      | Identified a scroll of acquirement
  1521 | D:2      | Acquired the +2 pair of gloves of the Valley {Will+ Int+6}
  1521 | D:2      | HP: 1/26 [something (4)]
  1522 | D:2      | Slain by an orc wizard

Illustrated notes

Levels and vault maps discovered:
D:1:      nicolae_arrival_washed_ashore, layout_loops_ring,
          shapermc_ecumenical_altar_acropolis, minmay_misc_feat_cross,
          serial_park_tiny_2
D:2:      layout_loops_corners

Skill      XL: |  1 |
---------------+----+-----
Transmutations | 1 |  1.5
Fighting       | 1 |  1.6
Armour         | |  0.5
Dodging        | |  1.7
Stealth        | |  1.7
Spellcasting   | |  2.1
Earth Magic    | |  2.8

Action                   || total
-------------------------++-------
Melee: Whip              ||    51
       Short sword       ||    91
       Punch             ||     1
 Cast: Sandblast         ||     3
  Use: Scroll            ||     1
Armor: Scale mail        ||    78
Dodge: Dodged            ||    48
Block: Other             ||    19
